 Seeded DCSS version 0.30-a0-930-gb9d0489357 (webtiles) character file.

Game seed: 14888120050964983059 (custom seed)

60 Pimp the Poker (level 3, -2/28 HPs)
             Began as a Demonspawn Gladiator on Mar 23, 2023.
             Slain by an orc
             ... wielding a +0 mace of protection
              (3 damage)
             ... on level 3 of the Dungeon.
             The game lasted 00:01:55 (1898 turns).

Pimp the Poker (Demonspawn Gladiator)               Turns: 1898, Time: 00:01:55

Health: -2/28      AC:  6    Str: 14    XL:     3   Next: 80%
Magic:  3/3        EV: 11    Int: 11    God:
Gold:   121        SH:  0    Dex: 14    Spells: 2/2 levels left

rFire   . . .      SeeInvis .    a - +0 trident
rCold   . . .      Faith    .    (no shield)
rNeg    . . .      Spirit   .    o - +0 ring mail
rPois   .          Reflect  .    c - +0 helmet
rElec   .          Rampage  .    (no cloak)
rCorr   .                        (no gloves)
Will    .....                    (no boots) Stlth
                                 (no amulet)
HPRegen 0.24/turn                (no ring)
MPRegen 0.08/turn                (no ring)

@: silenced
A: foul stench 1
a: no special abilities


You were on level 3 of the Dungeon.
You visited 1 branch of the dungeon, and saw 3 of its levels.

You collected 121 gold pieces.

Inventory:

Hand Weapons
 a - a +0 trident (weapon)
Missiles
 d - 3 throwing nets (quivered)
 e - a javelin
Armour
 b - a +0 leather armour
 c - a +0 helmet (worn)
 o - a +0 ring mail (worn)
Jewellery
 n - a +6 ring of strength
 p - a ring of willpower
Scrolls
 f - 5 scrolls of identify {unknown}
 i - a scroll of fog {unknown}
 j - a scroll of fear {unknown}
 k - a scroll of vulnerability {unknown}
 l - a scroll of teleportation {unknown}
 m - a scroll of magic mapping {unknown}
Potions
 g - 3 potions of curing {unknown}
 q - a potion of invisibility {unknown}


   Skills:
 + Level 2.6 Fighting
 + Level 3.2 Polearms
 + Level 2.4 Throwing
 + Level 3.1 Dodging


You had 2 spell levels left.
You didn't know any spells.
Your spell library contained the following spells:

 Spells                   Type           Power      Damage    Failure   Level
 Sting                    Tmut/Pois      0%         1d3       58%         1
 Poisonous Vapours        Pois/Air       0%         N/A       73%         2
 Olgreb's Toxic Radiance  Pois           0%         N/A       100%        4


Dungeon Overview and Level Annotations

Branches:
Dungeon (3/15)

Altars:

Shops:
D:1 :


Innate Abilities, Weirdness & Mutations

You may rarely emit foul miasma when damaged in melee.


Message History

You open the door.
Done exploring.
Done exploring.
There is a stone staircase leading down here.
You climb downwards.
The orc shouts!
The ball python hisses angrily.
You hear a shout! x3
There is a stone staircase leading up here.
You hit the ball python.
The ball python is heavily wounded.
The ball python barely misses you. x2
You hit the ball python.
You kill the ball python!
An orc priest comes into view. It is wielding a +0 war axe.
A worm comes into view.
Found a golden potion.
The worm bites you.
There are monsters nearby!
The orc hits you but does no damage. The orc priest closely misses you.
The orc misses you.
You closely miss the orc priest. The orc hits you but does no damage.
The orc priest closely misses you.
You hit the orc priest.
The orc priest is lightly wounded.
The orc priest hits you with a +0 war axe!
The orc hits you but does no damage.
You hit the orc priest.
The orc priest is moderately wounded.
The orc priest hits you with a +0 war axe.
The orc hits you with a +0 mace of protection!
* * * LOW HITPOINT WARNING * * *
The worm bites you but does no damage.
As you read the scroll labelled HUNOAS XIHE, it crumbles to dust.
A profound silence engulfs you.
It was a scroll of silence.
The orc priest hits you with a +0 war axe.
* * * LOW HITPOINT WARNING * * *
The orc closely misses you.
Magic scrolls do not work when you're silenced!
You puncture the worm!
The worm is moderately wounded.
The orc hits you with a +0 mace of protection.
You die...

#.#.# #.#.
##.. ..#.
.... ##..
..... ...
!^... #.#
......
#o##......
#@o...#
#w.##.#
##.#
#....#
.......#.
######. ..
.. ... ...
##.# ...
.#


You could see a worm, an orc priest and an orc.

Vanquished Creatures
  An adder (D:2)
  4 dart slugs
  3 bats
  3 endoplasms (D:1)
  3 giant cockroaches
  5 goblins
  A hobgoblin (D:2)
  3 jackals (D:1)
  5 kobolds
  A quokka (D:1)
  6 ball pythons
  2 frilled lizards (D:1)
  2 rats (D:1)
39 creatures vanquished.

Notes
Turn   | Place    | Note
-------+----------+-------------------------------------------
     0 | D:1      | Pimp the Demonspawn Gladiator began the quest for the Orb.
     0 | D:1      | Reached XP level 1. HP: 16/16 MP: 1/1
   161 | D:1      | Found Fitz's Book Shoppe.
   200 | D:1      | Gained mutation: You may rarely emit foul miasma when
                  | damaged in melee. [demonic ancestry]
   200 | D:1      | Reached XP level 2. HP: 19/22 MP: 2/2
   403 | D:1      | Found a faded altar of an unknown god.
   709 | D:1      | Reached XP level 3. HP: 22/28 MP: 3/3
   957 | D:2      | Identified the +2 dagger of Fragile Peace {drain, rN+++
                  | Str+3 Int-3 Dex-3}
  1897 | D:3      | HP: 1/28 [orc priest/+0 war axe (5)]
  1898 | D:3      | Slain by an orc

Illustrated notes

Levels and vault maps discovered:
D:1:      elethiomel_arrival_maze, layout_loops_ring, serial_shops,
          nicolae_lakefront_shop, hellmonk_ecumenical_altar_arch_garden,
          nicolae_concentric_dashed_squares_mild
D:2:      layout_basic
D:3:      layout_basic, serial_shops, nicolae_shop_stone

Skill      XL: |  1  2 |
---------------+-------+-----
Throwing       | 2 |  2.4
Polearms       | 3 |  3.2
Dodging        | 3 |  3.1
Fighting       | |  2.6

Action                     || total
---------------------------++-------
  Melee: Trident           ||   116
    Use: Scroll            ||     1
   Stab: Sleeping          ||     2
 Armour: Leather armour    ||    26
         Ring mail         ||    23
  Dodge: Dodged            ||    85

Table legend: (Time is in decaauts)
 A = Elapsed time spent in this place.
 B = Non-inter-level travel time spent in this place.
 C = Inter-level travel time spent in this place.
 D = Time resting spent in this place.
 E = Time spent auto-exploring this place.
 F = Levels seen in this place.
 G = Mean time per level.
                   A        B        C        D        E       F      G
               +--------+--------+--------+--------+--------+-----+--------+
         Total |   1915 |   1870 |     45 |      0 |   1554 |   3 |  638.3 |
       Dungeon |   1915 |   1870 |     45 |      0 |   1554 |   3 |  638.3 |
               +--------+--------+--------+--------+--------+-----+--------+

Top non-repeatable levels by time:
     D:2: 1017 daAuts
     D:1: 887 daAuts
     D:3: 10 daAuts
